 Dungeon Crawl Stone Soup version 0.27.1-34-g3ba077fa99 (webtiles) character file.

Game seed: 11770351145063086463

179 Delamore the Covert (level 5, -2/34 HPs)
             Began as an Octopode Brigand on Feb 17, 2022.
             Shot with an arrow by a centaur (16 damage)
             ... on level 4 of the Dungeon.
             The game lasted 00:02:04 (2365 turns).

Delamore the Covert (Octopode Brigand)              Turns: 2365, Time: 00:02:04

Health: -2/34      AC:  1    Str: 11    XL:     5   Next: 59%
Magic:  5/5        EV: 12    Int: 13    God:
Gold:   115        SH:  0    Dex: 14    Spells: 4/4 levels left

rFire    . . .     SeeInvis .   a - +2 dagger
rCold    . . .     Faith    .   (no shield)
rNeg     . . .     Spirit   .   (helmet restricted)
rPois    .         Reflect  .   (no amulet)
rElec    .         Harm     .   (no ring)
rCorr    .         Rampage  .   (no ring)
Will     .....                  (no ring)
Stlth    +++++.....             (no ring)
HPRegen  0.11/turn              (no ring)
MPRegen  0.09/turn              (no ring)
                                (no ring)
                                (no ring)

@: no status effects
A: almost no armour, amphibious, 8 rings, camouflage 1, gelatinous body 1,
(nimble swimmer 1), tentacles
a: no special abilities


You were on level 4 of the Dungeon.
You visited 1 branch of the dungeon, and saw 4 of its levels.

You collected 115 gold pieces.

Inventory:

Hand Weapons
 a - a +2 dagger (weapon)
Missiles
 b - 10 poisoned darts (quivered)
 c - 2 curare-tipped darts
 l - 3 boomerangs
Scrolls
 g - a scroll of teleportation {unknown}
 h - a scroll of immolation
 j - a scroll of holy word {unknown}
 o - a scroll of magic mapping
 p - a scroll of fog {unknown}
Potions
 d - a potion of lignification {unknown}
 e - 2 potions of might {unknown}
 f - a potion of cancellation {unknown}
 i - a potion of haste {unknown}
 k - 2 potions of curing {unknown}
 m - a potion of heal wounds {unknown}
 n - a potion of mutation {unknown}
 q - a potion of flight {unknown}
 r - a potion of berserk rage {unknown}


   Skills:
 - Level 2.0 Fighting
 + Level 3.5 Short Blades
 - Level 2.0 Throwing
 - Level 1.0 Dodging
 * Level 8.2 Stealth


You had 4 spell levels left.
You didn't know any spells.
Your spell library contained the following spells:

 Spells                   Type           Power      Damage    Failure   Level
 Gell's Gravitas          Tloc           0%         N/A       67%         3
 Lesser Beckoning         Tloc           0%         N/A       67%         3
 Teleport Other           Tloc           0%         N/A       67%         3
 Tukima's Dance           Hex            0%         N/A       67%         3
 Passage of Golubria      Tloc           N/A        N/A       97%         4
 Yara's Violent Unravell  Hex/Tmut       0%         3d3       100%        5


Dungeon Overview and Level Annotations

Branches:
Dungeon (4/15)             Temple (0/1) D:4

Altars:
Kikubaaqudgha


Innate Abilities, Weirdness & Mutations

You cannot wear most types of armour.
You are amphibious.
You can wear up to eight rings at the same time.
Your skin changes colour to match your surroundings (Stealth+).
Your rubbery body absorbs attacks. (AC +1, EV +1)
((You are camouflaged near water. (Stealth+)))
You have tentacles for arms and can constrict up to eight enemies at once.


Message History

The slug dart hits you.
You barely miss the dart slug. You grab the dart slug.
You constrict the dart slug. You hit the dart slug.
The dart slug is severely wounded.
You constrict the dart slug. The dart slug launches a dart at you.
The slug dart misses you.
You hit the dart slug.
The dart slug is almost dead.
You constrict the dart slug.
You kill the dart slug!
No target in view!
No target in view!
No target in view!
No target in view!
No target in view!
No target in view!
No target in view!
You open the door.
Found a long sword and the Tome of Igneous Translocation.
There is an open door here.
Found a book of Flames.
HP restored.
Found a stone staircase leading down.
A centaur skeleton comes into view.
A centaur comes into view.
Found a war axe.
The helpless centaur skeleton fails to defend itself.
You spit the centaur skeleton like a pig!!!
You destroy the centaur skeleton!
An orc comes into view. It is wielding a +0 dagger.
The orc moves out of view.
The centaur shouts!
The centaur wields a +0 shortbow.
The centaur shoots an arrow.
The arrow hits you!
The centaur shoots an arrow.
The arrow misses you.
The centaur shoots an arrow.
The arrow hits you!
The centaur shoots an arrow.
The arrow hits you!
You die...

,*,,,,*,,,,*,***,***≈**≈≈****
,*,*,,,,,*,*,.....,*≈*≈≈≈≈≈≈*
,,,*****,*,*,#.#.#**≈*≈∩≈≈≈≈*
,*,,,,,..,,*,#.#.# *≈**≈≈**≈*
,*,,,.....,,,#.#.#**≈≈****≈≈**
,*,,,...#)####.#.#*≈≈≈≈≈≈≈≈≈≈*
*****##.#......#.###≈≈****≈≈**
,,*,*,............c#*** ****
,,*,,,#.#.......@..#,*
*,*,*,#.#..........#,*
*,*,###............#,*
*,*,.................#
*,,,*##......###.##### ,,,,*
#..........# #,,,*
######..##.#
#,,,*########.##.#
#,,,*#........#*,*


You could see a centaur.

Vanquished Creatures
  An ogre (D:4)
  A centaur skeleton (D:4)
  An adder skeleton (D:4)
  A worm (D:4)
  A dart slug (D:4)
  An orc (D:3)
  3 endoplasms
  2 giant cockroaches
  4 hobgoblins
  11 jackals
  A quokka (D:1)
  6 ball pythons
  3 bats
  5 frilled lizards
  5 kobolds
  8 rats
54 creatures vanquished.

Notes
Turn   | Place    | Note
-------+----------+-------------------------------------------
     0 | D:1      | Delamore the Octopode Brigand began the quest for the Orb.
     0 | D:1      | Reached XP level 1. HP: 14/14 MP: 1/1
    87 | D:1      | Found a faded altar of an unknown god.
   165 | D:1      | Reached XP level 2. HP: 19/19 MP: 2/2
   389 | D:2      | Reached skill level 6 in Stealth
   721 | D:2      | Reached XP level 3. HP: 22/24 MP: 3/3
  1213 | D:2      | Found an ancient bone altar of Kikubaaqudgha.
  2318 | D:4      | Reached XP level 4. HP: 29/29 MP: 4/4
  2321 | D:4      | Reached skill level 7 in Stealth
  2329 | D:4      | Noticed an ogre
  2333 | D:4      | Killed an ogre
  2334 | D:4      | Reached skill level 8 in Stealth
  2334 | D:4      | Reached XP level 5. HP: 34/34 MP: 5/5
  2358 | D:4      | Noticed a centaur
  2365 | D:4      | Shot with an arrow by a centaur

Illustrated notes

Levels and vault maps discovered:
D:1:      evilmike_arrival_plus, layout_rooms,
          ebering_ecumenical_altar_abandoned
D:2:      layout_rooms, basic_altar, minmay_between
D:3:      layout_loops_corners
D:4:      minmay_chambers_of_twos, layout_basic, good_gods_mini_temple,
          minmay_temple_entry_glass, gup_sewer_entry_bubbles, grunt_ministairs_3

Skill      XL: |  1  2  3  4 |
---------------+-------------+-----
Stealth        | 6 8 |  8.2
Short Blades   | 3 |  3.5
Fighting       | |  2.0
Throwing       | |  2.0
Dodging        | |  1.0

Action                   |  1- 3 |  4- 6 || total
-------------------------+-------+-------++-------
Melee: Dagger            |   100 |     7 ||   107
       Tentacles         |    16 |       ||    16
       Constrict         |    23 |     1 ||    24
  Use: Scroll            |     2 |     1 ||     3
 Stab: Sleeping          |    14 |     3 ||    17
Armor: Skin              |     5 |       ||     5
Dodge: Dodged            |    58 |     3 ||    61
